 Dungeon Crawl Stone Soup version 0.30-a0-711-gf4ac18a38d (webtiles) character file.

Game seed: 18003617712652678656

80 Absynth the Slasher (level 4, -4/34 HPs)
             Began as a Demonspawn Gladiator on Jan 22, 2023.
             Slain by an iron imp (7 damage)
             ... summoned by Natasha
             ... on level 2 of the Dungeon.
             The game lasted 00:03:40 (1374 turns).

Absynth the Slasher (Demonspawn Gladiator)          Turns: 1374, Time: 00:03:41

Health: -4/34      AC:  4    Str: 14    XL:     4   Next: 18%
Magic:  4/4        EV: 13    Int: 11    God:
Gold:   71         SH:  0    Dex: 15    Spells: 3/3 levels left

rFire   . . .      SeeInvis .    a - +0 long sword
rCold   . . .      Faith    .    (no shield)
rNeg    . . .      Spirit   .    b - +0 leather armour
rPois   .          Reflect  .    c - +0 helmet
rElec   .          Harm     .    (no cloak)
rCorr   .          Rampage  .    (no gloves)
Will    .....                    (no boots)
Stlth   +                        (no amulet)
HPRegen 0.25/turn                (no ring)
MPRegen 0.18/turn                (no ring)

@: no status effects
A: demonic guardian 1, magic regeneration
a: no special abilities


You were on level 2 of the Dungeon.
You visited 1 branch of the dungeon, and saw 2 of its levels.

You collected 71 gold pieces.

Inventory:

Hand Weapons
 a - a +0 long sword (weapon)
Missiles
 d - a throwing net (quivered)
 e - a javelin
Armour
 b - a +0 leather armour (worn)
 c - a +0 helmet (worn)
Wands
 n - a wand of mindburst (18)
Scrolls
 f - a scroll of magic mapping {unknown}
 g - 3 scrolls of teleportation {unknown}
 h - 2 scrolls of identify {unknown}
 l - a scroll of amnesia {unknown}
 m - 2 scrolls of vulnerability {unknown}
 o - a scroll of fog {unknown}
 q - a scroll of blinking {unknown}
Potions
 i - a potion of attraction {unknown}
 j - a potion of curing {unknown}
 k - a potion of magic {unknown}
 p - a potion of lignification {unknown}


   Skills:
 + Level 2.6 Fighting
 * Level 3.5 Long Blades
 - Level 1.7 Throwing
 * Level 3.5 Dodging


You had 3 spell levels left.
You didn't know any spells.
Your spell library contained the following spells:

 Spells                   Type           Power      Damage    Failure   Level
 Shock                    Conj/Air       0%         1d3       41%         1
 Swiftness                Air            0%         N/A       80%         3
 Airstrike                Air            0%         2d(0-16)  99%         4


Dungeon Overview and Level Annotations

Branches:
Dungeon (2/15)

Altars:

Annotations:
D:2 Natasha


Innate Abilities, Weirdness & Mutations

A weak demonic guardian rushes to your aid.
You regenerate magic rapidly.


Message History

Natasha is severely wounded.
Natasha misses you.
You miss Natasha.
Natasha is severely wounded.
Natasha casts a spell.
You closely miss Natasha.
Natasha is severely wounded.
Natasha claws you.
* * * LOW HITPOINT WARNING * * *
Natasha barely misses you.
You closely miss Natasha.
Natasha is severely wounded.
Natasha growls.
Natasha claws you.
* * * LOW HITPOINT WARNING * * *
The iron imp barely misses you.
You barely miss Natasha.
Natasha is severely wounded.
Natasha claws you.
* * * LOW HITPOINT WARNING * * *
The iron imp barely misses you.
You hit Natasha.
Natasha is severely wounded.
Natasha claws you.
* * * LOW HITPOINT WARNING * * *
A demonic guardian appears!
The iron imp hits you.
* * * LOW HITPOINT WARNING * * *
Throw: 3 throwing nets
Press: ? - help, Q - select action, (/) - cycle Shift-Dir - straight line, f - Natasha
Aim: Natasha (severely wounded, ally target, 51% to hit)
You throw a throwing net.
The throwing net closely misses Natasha.
Natasha misses you.
Throw: 2 throwing nets
Press: ? - help, Q - select action, (/) - cycle Shift-Dir - straight line, f/p - Natasha
Aim: Natasha (severely wounded, ally target, 51% to hit)
You throw a throwing net.
The throwing net closely misses Natasha.
Natasha claws you but does no damage. The iron imp hits you!
You die...

##.###..##.###......#......#.####
##.# ##......+......#......#.#
##.####.##†###......#......#.####
...........# #......######.......
.#......##.#####..#.# ##......
......)..#.##.......# #.....#
.#.#####..........#.# #.....#
.#.# ....[...5.#.# ##.....+ ...
.(.....h@.#.# ##......# .#.#
.......5#...## ##.......# ....
.............###..#######
.........................
....#####.##.###†######## ..#
#.##.....# # #....>#### #######


You could see an iron imp (summoned), Natasha (ally target) and a friendly
quasit (summoned).

Vanquished Creatures
  Natasha (D:2)
  An adder (D:2)
  2 dart slugs
  5 endoplasms
  3 giant cockroaches
  4 goblins (D:1)
  A hobgoblin (D:1)
  A quokka (D:1)
  5 ball pythons
  6 bats (D:1)
  A frilled lizard (D:2)
  3 kobolds (D:1)
  14 rats
47 creatures vanquished.

Notes
Turn   | Place    | Note
-------+----------+-------------------------------------------
     0 | D:1      | Absynth the Demonspawn Gladiator began the quest for the
                  | Orb.
     0 | D:1      | Reached XP level 1. HP: 16/16 MP: 1/1
   136 | D:1      | Gained mutation: You regenerate magic rapidly. [demonic
                  | ancestry]
   136 | D:1      | Reached XP level 2. HP: 17/22 MP: 2/2
   673 | D:1      | Gained mutation: A weak demonic guardian rushes to your
                  | aid. [demonic ancestry]
   673 | D:1      | Reached XP level 3. HP: 28/28 MP: 3/3
  1157 | D:2      | Noticed Natasha
  1164 | D:2      | Killed Natasha
  1165 | D:2      | Reached XP level 4. HP: 34/34 MP: 4/4
  1361 | D:2      | Noticed Natasha
  1374 | D:2      | Slain by an iron imp

Illustrated notes

Levels and vault maps discovered:
D:1:      elethiomel_arrival_shortcut, layout_loops_ring
D:2:      layout_basic, st_stairs_1, amethyst_killhole,
          minmay_misc_feat_more_columns, minmay_rat_gold_closets, uniq_natasha

Skill      XL: |  1  2 |
---------------+-------+-----
Long Blades    | 3 |  3.5
Dodging        | 3 |  3.5
Fighting       | |  2.6
Throwing       | |  1.7

Action                     |  1- 3 |  4- 6 || total
---------------------------+-------+-------++-------
  Melee: Long sword        |   117 |    28 ||   145
         Punch             |     1 |       ||     1
  Throw: Throwing net      |       |     2 ||     2
   Stab: Sleeping          |     2 |     2 ||     4
 Armour: Leather armour    |    35 |     3 ||    38
  Dodge: Dodged            |    84 |    13 ||    97

Table legend: (Time is in decaauts)
 A = Elapsed time spent in this place.
 B = Non-inter-level travel time spent in this place.
 C = Inter-level travel time spent in this place.
 D = Time resting spent in this place.
 E = Time spent auto-exploring this place.
 F = Levels seen in this place.
 G = Mean time per level.
                   A        B        C        D        E       F      G
               +--------+--------+--------+--------+--------+-----+--------+
         Total |   1408 |   1382 |     26 |    108 |    911 |   2 |  704.0 |
       Dungeon |   1408 |   1382 |     26 |    108 |    911 |   2 |  704.0 |
               +--------+--------+--------+--------+--------+-----+--------+

Top non-repeatable levels by time:
     D:1: 848 daAuts
     D:2: 560 daAuts
